Map: Orbital Shipyard

Players

Miszu - Winner!

  • Race: Terran Terran
  • League: Master

llllllllllll

  • Race: Protoss Protoss
  • League: Grandmaster

VOD

Have the link to the VOD?

Description

Time

  • Played on: March 22, 2016, 5:31 p.m.
  • Length: 6:20
Show
View Real Time Build Order
Export as new Build Order

Miszu Terran - Winner!

Build Orders: Command Center First (CC) 

Get SALT Encoding   

  12  0:01  SCV  
  13  0:13  SCV  
  14  0:18  Supply Depot  
  14  0:25  SCV  
  15  0:39  SCV  
  16  0:51  SCV  
  17  1:00  Command Center  
  17  1:03  SCV  
  18  1:15  SCV  
  18  1:17  Barracks  
  19  1:28  SCV  
  20  1:36  Barracks  
  20  1:40  SCV  
  20  1:45  Barracks  
  21  1:52  SCV  
  22  2:04  Marine, Orbital Command  
  23  2:18  Orbital Command  
  23  2:22  Marine  
  24  2:23  Marine  
  25  2:30  SCV  
  25  2:32  Marine  
  25  2:34  Refinery x2  
  27  2:40  Supply Depot, Marine  
  27  2:42  SCV  
  27  2:43  SCV  
  30  2:45  Marine  
  30  2:50  Marine  
  32  2:58  Marine, SCV  
  34  3:06  Supply Depot  
  34  3:08  Barracks Tech Lab  
  34  3:09  Marine, SCV  
  34  3:11  SCV  
  37  3:18  Marine  
  38  3:21  SCV  
  38  3:23  SCV  
  40  3:27  Marine x2  
  40  3:28  Stimpack  
  40  3:33  SCV  
  43  3:35  SCV  
  43  3:36  Supply Depot, Marine  
  45  3:45  Marine, SCV  
  45  3:47  Marine, SCV  
  49  3:48  Factory  
  49  3:54  Marine  
  50  3:57  SCV  
  51  4:03  Marine  
  51  4:04  SCV  
  51  4:06  Refinery  
  51  4:09  Engineering Bay, SCV  
  55  4:11  Marauder  
  55  4:13  Supply Depot  
  55  4:16  SCV  
  57  4:21  Marine, SCV  
  59  4:25  Marine  
  59  4:28  SCV  
  61  4:32  Factory Reactor  
  61  4:34  Starport, SCV  
  61  4:35  Marauder  
  61  4:36  Supply Depot  
  64  4:38  Marine  
  64  4:40  SCV  
  64  4:43  Missile Turret  
  66  4:47  Missile Turret  
  66  4:48  Marine  
  67  4:56  Marine  
  67  4:57  Marine  
  67  4:58  Missile Turret  
  69  5:04  Liberator  
  69  5:06  Marine  
  70  5:12  SCV  
  70  5:13  SCV  
  72  5:15  Marauder  
  72  5:17  Supply Depot  
  72  5:20  Supply Depot  
  77  5:25  SCV  
  78  5:39  SCV x2  
  84  5:43  Supply Depot  
  84  5:44  Marauder  
  84  5:45  Barracks Reactor  
  84  5:46  Barracks Tech Lab  
  85  5:51  SCV  
  85  5:54  SCV  
  87  6:03  SCV  
  87  6:07  Supply Depot  
Show
View Real Time Build Order
Export as new Build Order

llllllllllll Protoss 

Build Orders:  

Get SALT Encoding   

  12  0:00  Probe (Chrono Boost)  
  13  0:11  Probe (Chrono Boost)  
  14  0:18  Pylon  
  14  0:22  Probe (Chrono Boost)  
  15  0:36  Probe (Chrono Boost)  
  15  0:38  Gateway  
  16  0:44  Assimilator  
  16  0:47  Probe (Chrono Boost)  
  17  0:57  Probe (Chrono Boost)  
  18  1:08  Probe (Chrono Boost)  
  20  1:18  Probe (Chrono Boost)  
  20  1:25  Cybernetics Core  
  20  1:29  Probe (Chrono Boost)  
  20  1:30  Pylon  
  21  1:47  Nexus  
  21  1:51  Assimilator  
  21  1:54  Probe (Chrono Boost)  
  22  2:05  Mothership Core (Chrono Boost)  
  22  2:07  Adept (Chrono Boost)  
  26  2:18  Warp Gate  
  26  2:23  Probe (Chrono Boost)  
  27  2:33  Adept (Chrono Boost)  
  27  2:35  Probe  
  30  2:47  Pylon, Probe  
  30  2:56  Twilight Council  
  30  2:57  Probe  
  30  2:59  Probe  
  30  3:02  Adept (Chrono Boost)  
  34  3:07  Probe  
  34  3:11  Probe  
  34  3:12  Pylon  
  36  3:18  Probe  
  37  3:23  Probe  
  38  3:30  Probe  
  38  3:32  Resonating Glaives (Chrono Boost)  
  38  3:34  Probe  
  39  3:40  Pylon  
  40  3:42  Probe  
  40  3:44  Gateway  
  40  3:45  Probe  
  40  3:46  Gateway  
  42  3:57  Probe  
  42  4:02  Probe  
  42  4:06  Gateway x2  
  42  4:12  Gateway  
  42  4:18  Probe  
  42  4:19  Probe  
  42  4:20  Gateway  
  44  4:26  Gateway  
  44  4:31  Probe  
  44  4:32  Pylon  
  45  4:48  Adept x2  
  45  4:49  Adept  
  51  5:03  Adept x2  
  55  5:09  Pylon  
  55  5:11  Adept x4  
  55  5:13  Pylon  
  63  5:16  Pylon  
  63  5:25  Adept x3  
  69  5:29  Adept  
  69  5:33  Pylon  
  71  5:37  Adept x3  
  71  5:41  Adept  
  79  5:47  Adept x2  
  83  5:50  Adept  
  75  6:12  Adept x6  
Tags
 
Add a new tag
Caveats
  • Supply blocks, unpowered buildings, or Contaminate may cause inaccurate times.
  • Supply counts are checked every 10 seconds.